 Dungeon Crawl Stone Soup version 0.20-a0-870-g4070442 (webtiles) character file.

18080 Laan the Thaumaturge (level 12, -4/59 HPs)
             Began as a Deep Elf Fire Elementalist on Mar 14, 2017.
             Was a Believer of Vehumet.
             Splashed by an oklob plant's acid (14 damage)
             ... on level 4 of the Lair of Beasts.
             The game lasted 00:32:11 (14842 turns).

Laan the Thaumaturge (Deep Elf Fire Elementalist)  Turns: 14842, Time: 00:32:12

Health: -4/59      AC: 11    Str:  5    XL:     12   Next: 24%
Magic:  13/32      EV: 13    Int: 26    God:    Vehumet [**....]
Gold:   774        SH:  6    Dex: 15    Spells: 21/40 levels left

rFire    + + .     SeeInvis .   J - staff of poison
rCold    + . .     Gourm    .   y - +2 robe {rC+ rF+}
rNeg     . . .     Faith    .   F - +1 buckler
rPois    +         Spirit   .   M - +0 helmet
rElec    .         Reflect  .   a - +2 cloak
rCorr    .         Harm     .   C - +2 pair of gloves
MR       +....                  (no boots)
Stlth    ++........             (no amulet)
Regen    0.2/turn               O - ring of fire
MPRegen  0.3/turn               v - ring of protection from cold

@: no status effects
A: no striking features
a: Renounce Religion


You were on level 4 of the Lair of Beasts.
You worshipped Vehumet.
Vehumet was pleased with you.
You were not hungry.

You visited 3 branches of the dungeon, and saw 14 of its levels.

You collected 774 gold pieces.

Inventory:

Armour
 a - a +2 cloak (worn)
 y - a +2 robe of resistance (worn)
 C - a +2 pair of gloves (worn)
 F - a +1 buckler (worn)
 M - a +0 helmet (worn)
Magical Staves
 J - an uncursed staff of poison (weapon)
Jewellery
 v - a ring of protection from cold (left hand)
 O - a ring of fire (right hand)
 T - a +2 ring of strength
Wands
 f - a wand of iceblast (9/15)
 o - a wand of lightning (12/15)
 w - a wand of flame (29/48)
Scrolls
 d - 3 scrolls of identify
 e - 6 scrolls of remove curse
 m - 2 scrolls of enchant weapon
 n - 3 scrolls of blinking
 p - 2 scrolls of amnesia
 q - 6 scrolls of teleportation
 r - a scroll of fear
 z - a scroll of immolation
Potions
 h - a potion of cancellation
 i - 4 potions of heal wounds
 k - 2 potions of resistance
 l - 4 potions of mutation
 t - a potion of berserk rage
 u - 2 potions of lignification
 x - a potion of magic
 A - 3 potions of flight
 D - a potion of haste
 E - 6 potions of curing
 H - 2 potions of brilliance
 I - 2 potions of agility
 K - a potion of invisibility
 L - 3 potions of might
Books
 b - a book of Flames

   Spells                             Type                      Level
   a - Flame Tongue                   Conjuration/Fire             1
   b - Throw Flame                    Conjuration/Fire             2
   c - Conjure Flame                  Conjuration/Fire             3
   d - Inner Flame                    Hexes/Fire                   3
   e - Sticky Flame                   Conjuration/Fire             4
   f - Fireball                       Conjuration/Fire             5
 s - a book of Conjurations

   Spells                             Type                      Level
   a - Magic Dart                     Conjuration                  1
   b - Searing Ray                    Conjuration                  2
   c - Dazzling Spray                 Conjuration/Hexes            3
   d - Fulminant Prism                Conjuration/Hexes            4
   e - Force Lance                    Conjuration/Translocation    4
   f - Iskenderun's Mystic Blast      Conjuration                  4
Comestibles
 c - 6 bread rations
 g - 14 fruits
 P - 6 royal jellies
 R - 2 meat rations


   Skills:
 - Level 2.4 Dodging
 - Level 2.4 Stealth
 - Level 4.4 Shields
 + Level 14.6 Spellcasting
 + Level 12.5 Conjurations
 - Level 12.0 Fire Magic


You had 21 spell levels left.
You knew the following spells:

 Your Spells              Type           Power        Failure   Level  Hunger
a - Flame Tongue          Conj/Fire      #####        1%          1    None
b - Conjure Flame         Conj/Fire      #######.     1%          3    None
c - Sticky Flame          Conj/Fire      #######.     1%          4    None
d - Fireball              Conj/Fire      #######...   1%          5    #......
e - Searing Ray           Conj           ######       1%          2    None
f - Iskenderun's Mystic   Conj           ######..     1%          4    None


Dungeon Overview and Level Annotations

Branches:
Dungeon (9/15)             Temple (1/1) D:7            Lair (4/6) D:8
  Snake (0/4) Lair:4          Orc (0/2) D:9
  Swamp: Lair:2-4    Shoals: Lair:2-4

Altars:
Ashenzari
Cheibriados
Dithmenos
Elyvilon
Fedhas
Gozag
Hepliaklqana
Kikubaaqudgha
Makhleb
Nemelex Xobeh
Okawaru
Qazlal
Ru
Sif Muna
Trog
Uskayaw
Vehumet
Wu Jian
Xom
Yredelemnul
Zin
The Shining One

Shops:
D:9 (

Annotations:
Lair:4 exclusion: 3 oklob plants


Message History

The splash of acid hits you!
You are splashed with acid!
The acid burns!
Casting: Fireball
Confirm with . or Enter, or press ? or * to list all spells.
Aiming: Fireball
Press: ? - help, Shift-Dir - straight line You feel a surge of power!
The fireball explodes!
The fireball engulfs the plant.
You destroy the plant!
The fireball engulfs the oklob plant.
The oklob plant is severely damaged.
The fireball engulfs the oklob plant.
The oklob plant is severely damaged.
The oklob plant spits acid at you. The splash of acid hits you!
You are splashed with acid!
The acid burns!
* * * LOW HITPOINT WARNING * * *
The oklob plant spits acid at you. The splash of acid hits you!
* * * LOW HITPOINT WARNING * * *
You are splashed with acid!
The acid burns!
You die...

......# ......#
#.##.........# ......+
...#......... ......#
#...........## ......##
#..........P# .......#
#.........#### ......##
#.<......P$$$ ......#
#..........PP ......#
#....@.....P% ......#
###'##....$.. #..#+#.#
#..##..P... #....# #
#...#..#### #...##
####.#### .#+.##
#####..#...#..#
.....####P...........#
.....'..P.............#
.....P#..P#...........#


You could see 3 oklob plants.

Vanquished Creatures
  4 hydras
  A two-headed ogre (D:8)
  A black mamba (Lair:2)
  3 spiny frogs
  A torpor snail (Lair:4)
  5 komodo dragons
  Grinder (D:3)
  3 blink frogs (Lair:3)
  2 tyrant leeches (Lair:4)
  A hippogriff (Lair:2)
  Sigmund (D:6)
  A vampire (D:9)
  2 wyverns
  A human (D:7)
  17 yaks
  Eustachio (D:6)
  4 hogs (D:7)
  A steam dragon (D:6)
  A hungry ghost (D:7)
  12 porcupines
  8 water moccasins
  2 orc warriors
  2 sky beasts (D:8)
  5 ogres
  2 phantoms
  A centaur (D:5)
  6 crocodiles
  Blork the orc (D:4)
  A big kobold (D:9)
  15 bullfrogs
  5 scorpions
  A wyvern skeleton (D:6)
  5 killer bees (D:9)
  A wight (D:7)
  An electric eel (Lair:4)
  2 crimson imps (D:9)
  5 hounds
  Crazy Yiuf (D:4)
  3 jellies
  3 orc wizards
  A gnoll shaman (D:6)
  4 iguanas
  10 hell rats (Lair:1)
  A worker ant (D:6)
  A hound skeleton (D:4)
  A hound zombie (D:6)
  A worker ant zombie (D:8)
  13 adders
  4 gnolls (D:6)
  14 river rats (Lair:1)
  2 shadow imps
  2 adder zombies
  2 adder skeletons
  3 worms
  A dart slug (D:1)
  7 leopard geckos
  16 orcs
  2 giant cockroaches
  4 goblins (D:1)
  7 hobgoblins
  A jackal (D:9)
  8 quokkas
  11 bats
  5 frilled lizards
  A jackal skeleton (D:4)
  A jackal zombie (D:9)
  10 kobolds
  A leopard gecko skeleton (D:5)
  19 rats
  4 plants (Lair:4)
290 creatures vanquished.

Vanquished Creatures (collateral kills)
  A bullfrog (Lair:1)
  A fungus (Lair:1)
2 creatures vanquished.

Vanquished Creatures (others)
  A human (D:4)
  5 fungi (D:8)
  A plant (D:8)
7 creatures vanquished.

Grand Total: 299 creatures vanquished

Notes
Turn   | Place    | Note
-------+----------+-------------------------------------------
     0 | D:1      | Laan the Deep Elf Fire Elementalist began the quest for the Orb.
     0 | D:1      | Reached XP level 1. HP: 10/10 MP: 6/6
   227 | D:1      | Reached XP level 2. HP: 5/15 MP: 8/8
   910 | D:1      | Reached XP level 3. HP: 16/19 MP: 8/10
  1060 | D:2      | Reached skill level 4 in Spellcasting
  1676 | D:2      | Reached XP level 4. HP: 24/24 MP: 3/12
  1681 | D:2      | Learned a level 3 spell: Conjure Flame
  1686 | D:2      | Learned a level 4 spell: Sticky Flame
  1722 | D:2      | Found a shattered altar of Ashenzari.
  2218 | D:3      | Noticed Grinder
  2228 | D:3      | Killed Grinder
  2228 | D:3      | Reached skill level 5 in Spellcasting
  2228 | D:3      | Reached skill level 5 in Fire Magic
  2228 | D:3      | Reached XP level 5. HP: 2/28 MP: 2/15
  2228 | D:3      | Reached XP level 6. HP: 3/32 MP: 2/16
  2622 | D:3      | Reached skill level 6 in Spellcasting
  3169 | D:4      | Got an ichor-stained short sword
  3170 | D:4      | Identified the +4 short sword "Ociufugh" {drain, +Rage rPois MR++ Int-5} (You found it on level 4 of the Dungeon)
  3256 | D:4      | Found a hazy altar of Hepliaklqana.
  3275 | D:4      | Noticed Blork the orc
  3303 | D:4      | Killed Blork the orc
  3303 | D:4      | Reached XP level 7. HP: 13/36 MP: 5/18
  3594 | D:4      | Found an ancient bone altar of Kikubaaqudgha.
  3594 | D:4      | Noticed a human
  3597 | D:4      | Killed a human
  3822 | D:4      | Found a runed door.
  3851 | D:4      | Reached skill level 5 in Conjurations
  3874 | D:4      | Noticed Crazy Yiuf
  3884 | D:4      | Killed Crazy Yiuf
  3884 | D:4      | Reached skill level 7 in Spellcasting
  4069 | D:5      | Entered Level 5 of the Dungeon
  4170 | D:5      | Found a basalt altar of Yredelemnul.
  4180 | D:5      | Found a burning altar of Makhleb.
  5234 | D:6      | Noticed Sigmund
  5240 | D:6      | Killed Sigmund
  5240 | D:6      | Reached skill level 1 in Shields
  5240 | D:6      | Reached XP level 8. HP: 41/41 MP: 13/21
  5247 | D:6      | Noticed Eustachio
  5343 | D:6      | Killed Eustachio
  5343 | D:6      | Reached skill level 8 in Spellcasting
  5542 | D:6      | Found an iron altar of Okawaru.
  5789 | D:6      | Found a shadowy altar of Dithmenos.
  6073 | D:6      | Found an opulent altar of Gozag.
  6074 | D:6      | Found a glowing silver altar of Zin.
  6516 | D:7      | Found a staircase to the Ecumenical Temple.
  6529 | Temple   | Entered the Ecumenical Temple
  6819 | D:7      | Reached XP level 9. HP: 45/45 MP: 13/23
  6879 | D:7      | Reached skill level 9 in Spellcasting
  7616 | D:8      | Noticed a two-headed ogre
  7642 | D:8      | Killed a two-headed ogre
  7642 | D:8      | Reached skill level 10 in Spellcasting
  7772 | D:8      | Found a bloodstained altar of Trog.
  7799 | D:8      | Reached XP level 10. HP: 50/50 MP: 14/26
  7847 | D:8      | Found a staircase to the Lair.
  8256 | D:8      | Reached skill level 11 in Spellcasting
  8417 | D:8      | Learned a level 5 spell: Fireball
  8420 | D:8      | Learned a level 2 spell: Searing Ray
  8425 | D:8      | Learned a level 4 spell: Iskenderun's Mystic Blast
  8705 | D:9      | Found Qiros's Antique Weapon Boutique.
  8793 | D:9      | Found a staircase to the Orcish Mines.
  9304 | D:9      | Found an ornate altar of the Wu Jian Council.
  9447 | D:9      | Reached skill level 10 in Fire Magic
  9534 | D:9      | Reached skill level 12 in Spellcasting
  9773 | D:9      | Found a radiant altar of Vehumet.
  9777 | D:9      | Became a worshipper of Vehumet
  9825 | D:9      | Reached skill level 10 in Conjurations
 10363 | Lair:1   | Entered Level 1 of the Lair of Beasts
 10425 | Lair:1   | Noticed an eight-headed hydra
 10431 | Lair:1   | Killed an eight-headed hydra
 10431 | Lair:1   | Reached XP level 11. HP: 54/54 MP: 8/29
 10743 | Lair:1   | Noticed a five-headed hydra
 10836 | Lair:1   | Reached * piety under Vehumet
 10836 | Lair:1   | Offered knowledge of Sting by Vehumet.
 11033 | Lair:1   | Killed a five-headed hydra
 11927 | Lair:2   | Reached skill level 13 in Spellcasting
 12260 | Lair:2   | Offered knowledge of Sandblast by Vehumet.
 12271 | Lair:2   | Reached ** piety under Vehumet
 13304 | Lair:3   | Noticed a four-headed hydra
 13308 | Lair:3   | Killed a four-headed hydra
 13884 | Lair:3   | Reached skill level 14 in Spellcasting
 14127 | Lair:3   | Reached XP level 12. HP: 59/59 MP: 29/32
 14404 | Lair:4   | Found a staircase to the Snake Pit.
 14447 | Lair:4   | Noticed a death yak
 14657 | Lair:4   | Noticed a four-headed hydra
 14663 | Lair:4   | Killed a four-headed hydra
 14842 | Lair:4   | Splashed by an oklob plant's acid

Vault maps used:
D:1:      doesnt_arrival_eight_statues
D:2:      nicolae_overflow_crystal_walls, first_bread
D:3:      uniq_grinder
D:4:      kennysheep_mini, tgw_kikubaaqudgha, uniq_crazy_yiuf_cottage,
          uniq_blork_the_orc
D:5:      amethyst_overflow_temple_binary
D:6:      grunt_temple_overflow_gold_and_silver, okawaru_gym_becter,
          kennysheep_little_box, minmay_misc_feat_cross, uniq_eustachio,
          uniq_sigmund
D:7:      minmay_temple_entry_large_hall, minmay_misc_feat_room, grunt_livestock
D:8:      due_lair_maze_entry_diamond, david_defended_altar_elf
D:9:      old_standard_altar, vehumet_crystals, serial_shops,
          nicolae_shop_temple_entry_statues_fountains
Temple:   minmay_temple_bridge_abc
Lair:1:   lemuel_ratsnest
Lair:3:   grunt_megastairs_4
Lair:4:   minmay_swamp_entry_worms, dummy_snake_entry,
          minmay_lair_oklob_chamber, serial_bayou_shore_a

Skill      XL: |  1  2  3  4  5  6  7  8  9 10 11 12 |
---------------+-------------------------------------+-----
Conjurations   | 2 3 4 5 6 8 10 11 12 | 12.5
Spellcasting   | 4 5 6 7 8 10 12 14 | 14.6
Fire Magic     | 4 5 6 7 9 10 12 | 12.0
Shields        | 1 3 4 |  4.4
Dodging        | |  2.4
Stealth        | |  2.4

Action                   |  1- 3 |  4- 6 |  7- 9 | 10-12 || total
-------------------------+-------+-------+-------+-------++-------
Melee: Short sword       |     9 |     3 |       |       ||    12
       Staff             |       |       |     8 |    18 ||    26
 Cast: Flame Tongue      |    76 |    87 |   186 |   361 ||   710
       Sticky Flame      |       |     2 |    20 |    43 ||    65
       Conjure Flame     |       |       |     6 |     9 ||    15
       Fireball          |       |       |       |    41 ||    41
       Searing Ray       |       |       |       |     5 ||     5
       Iskenderun's Myst |       |       |       |     3 ||     3
  Use: Potion            |     1 |       |       |       ||     1
       Scroll            |       |       |     1 |    28 ||    29
  Eat: Chunk             |     2 |     5 |    15 |    24 ||    46
Armor: Robe              |     8 |       |    15 |    32 ||    55
Dodge: Dodged            |    31 |    19 |    32 |    82 ||   164
Block: Buckler           |       |       |    11 |    37 ||    48
